 Dungeon Crawl Stone Soup version 0.30-a0-930-gb9d0489357 (webtiles) character file.

Game seed: 13162843427346560116

923 BlueFish the Sneak (level 8, -3/52 HPs)
             Began as an Octopode Warper on Mar 24, 2023.
             Slain by an ice beast (6 damage)
             ... on level 6 of the Dungeon.
             The game lasted 00:15:55 (6421 turns).

BlueFish the Sneak (Octopode Warper)                Turns: 6421, Time: 00:15:55

Health: -3/52      AC:  1    Str: 16    XL:     8   Next: 10%
Magic:  13/13      EV: 14    Int: 15    God:
Gold:   175        SH:  0    Dex: 11    Spells: 6/13 levels left

rFire   x . .      SeeInvis .      - Unarmed
rCold   . . .      Faith    +    (no shield)
rNeg    . . .      Spirit   .    (helmet restricted)
rPois   .          Reflect  .    s - amulet "Rezago Osera" {Faith Rampage rF- Will+ Str+3}
rElec   .          Rampage  +    (no ring)
rCorr   .                        (no ring)
Will    +....                    (no ring)
Stlth   ++++                     (no ring)
HPRegen 0.28/turn                (no ring)
MPRegen 0.13/turn                (no ring)
                                 (no ring)
                                 (no ring)

@: no status effects
A: almost no armour, amphibious, 8 rings, camouflage 1, gelatinous body 1,
(nimble swimmer 1), tentacles
a: no special abilities


You were on level 6 of the Dungeon.
You visited 2 branches of the dungeon, and saw 7 of its levels.

You collected 175 gold pieces.

Inventory:

Missiles
 b - 7 boomerangs of dispersal
 d - a poisoned dart
 o - 30 stones (quivered)
 p - a silver boomerang
Jewellery
 m - an amulet of magic regeneration
 n - an amulet of the acrobat
 s - the amulet "Rezago Osera" (around mantle) {Faith Rampage rF- Will+ Str+3}
   (You took it off a goblin on level 4 of the Dungeon)

   [amulet of faith]

   It allows you to gain divine favour quickly.
   Str:       It affects your strength (+3).
   rF:        It makes you vulnerable to fire.
   Rampage:   It bestows one free step when moving towards enemies.
   Will:      It increases your willpower.
 w - an amulet of reflection
Wands
 t - a wand of flame (9)
Scrolls
 a - 2 scrolls of blinking
 c - a scroll of torment {unknown}
 e - a scroll of immolation {unknown}
 f - a scroll of teleportation
 k - 2 scrolls of fear {unknown}
 l - 3 scrolls of magic mapping
 x - a scroll of poison {unknown}
 y - a scroll of enchant armour {unknown}
Potions
 g - a potion of brilliance
 h - a potion of invisibility
 i - a potion of heal wounds
 j - 2 potions of magic
 q - 3 potions of curing
 r - a potion of flight
 u - a potion of lignification {unknown}
 v - a potion of degeneration {unknown}


   Skills:
 + Level 3.5 Fighting
 + Level 3.1 Throwing
 + Level 3.9 Dodging
 * Level 6.3 Stealth
 + Level 3.7 Unarmed Combat
 + Level 3.4 Spellcasting
 + Level 4.2 Translocations


You had 6 spell levels left.
You knew the following spells:

 Your Spells              Type           Power      Damage    Failure   Level
a - Blink                 Tloc           30%        N/A       4%          2
b - Lesser Beckoning      Tloc           30%        N/A       4%          2
c - Teleport Other        Tloc           15%        N/A       10%         3

Your spell library contained the following spells:

 Spells                   Type           Power      Damage    Failure   Level
 Apportation              Tloc           30%        N/A       3%          1
 Shock                    Conj/Air       8%         1d3       19%         1
 Slow                     Hex            8%         N/A       19%         1
 Vhi's Electric Charge    Tloc/Air       16%        N/A       24%         3
 Cigotuvi's Dreadful Rot  Necr/Pois/Air  4%         N/A       28%         2
 Kindle Blastsparks       Fire/Tloc/Air  12%        2d11      32%         3
 Manifold Assault         Tloc           15%        N/A       32%         4
 Frozen Ramparts          Ice            4%         1d1       50%         3
 Swiftness                Air            2%         N/A       50%         3
 Iskenderun's Mystic Bla  Conj/Tloc      8%         2d4       63%         4
 Airstrike                Air            1%         2d(1-17)  88%         4
 Dispel Undead            Necr           2%         3d7       88%         4
 Fulminant Prism          Conj/Hex       1%         3d5       88%         4
 Ice Form                 Ice/Tmut       2%         N/A       88%         4
 Summon Ice Beast         Ice/Summ       2%         N/A       88%         4
 Lee's Rapid Deconstruct  Erth           1%         3d4*      99%         5
 Death Channel            Necr           1%         N/A       100%        6


Dungeon Overview and Level Annotations

Branches:
Dungeon (6/15)             Temple (1/1) D:5

Altars:
Dithmenos
Fedhas
Gozag
Hepliaklqana
Makhleb
Okawaru
Qazlal
Ru
Sif Muna
Trog
Uskayaw
Vehumet
Wu Jian
Xom
Yredelemnul
Zin

Shops:
D:3 *

Annotations:
D:5 3 runed translucent doors, epsilonplus's ghost, novice AtFi


Innate Abilities, Weirdness & Mutations

You cannot wear most types of armour.
You are amphibious.
You can wear up to eight rings at the same time.
Your skin changes colour to match your surroundings (Stealth+).
Your rubbery body absorbs attacks. (AC +1, EV +1)
((You are camouflaged when in or above water. (Stealth+)))
You have tentacles for arms and can constrict up to eight enemies at once.


Message History

You tentacle-slap the ice beast but do no damage.
Your squeeze misses the ice beast.
The ice beast is severely wounded.
The ice beast hits you but does no damage.
You tentacle-slap the ice beast.
Your tentacle-slap misses the ice beast.
The ice beast is almost dead.
The ice beast completely misses you.
You barely miss the ice beast.
The ice beast is almost dead.
The ice beast closely misses you.
You tentacle-slap the ice beast but do no damage.
You tentacle-slap the ice beast. Your squeeze misses the ice beast.
The ice beast is almost dead.
The ice beast closely misses you.
You tentacle-slap the ice beast. Your squeeze misses the ice beast.
The ice beast is almost dead.
The ice beast hits you but does no damage.
You barely miss the ice beast.
You squeeze the ice beast, but do no damage.
The ice beast is almost dead.
The ice beast hits you. The ice beast freezes you.
You barely miss the ice beast. Your squeeze misses the ice beast.
The ice beast is almost dead.
The ice beast hits you. The ice beast freezes you!
You tentacle-slap the ice beast but do no damage.
The ice beast is almost dead.
The ice beast hits you. The ice beast freezes you!
You closely miss the ice beast.
The ice beast is almost dead.
The ice beast hits you.
* * * LOW HITPOINT WARNING * * *
The ice beast freezes you!
* * * LOW HITPOINT WARNING * * *
You barely miss the ice beast.
The ice beast is almost dead.
The ice beast hits you.
* * * LOW HITPOINT WARNING * * *
The ice beast freezes you.
You die...

#.# ##### #.# #...#
########)#
###...###........# .##
#.......#.########
.... ####.........#
..... ...........#.#
......########...###.#
...........Y@....# #.#
......############ #.#
..... #.# ..#..Y. #.#
#.#..# #.# #....#
##.... #J.# ...#


You could see an ice beast.

Vanquished Creatures
  Sigmund (D:6)
  An orc warrior (D:5)
  A bullfrog (D:4)
  A howler monkey (D:6)
  2 hounds
  2 jellies (D:5)
  2 orc priests
  3 orc wizards (D:5)
  Natasha (thrice) (D:4)
  3 gnolls (D:4)
  7 adders
  3 worms
  A dart slug (D:2)
  20 orcs
  11 endoplasms
  4 giant cockroaches
  9 goblins (D:4)
  5 hobgoblins
  11 jackals
  A quokka (D:1)
  5 ball pythons
  8 bats
  9 frilled lizards
  9 kobolds
  4 rats
126 creatures vanquished.

Notes
Turn   | Place    | Note
-------+----------+-------------------------------------------
     0 | D:1      | BlueFish the Octopode Warper began the quest for the Orb.
     0 | D:1      | Reached XP level 1. HP: 14/14 MP: 3/3
    74 | D:1      | Found a faded altar of an unknown god.
   182 | D:1      | Reached XP level 2. HP: 19/19 MP: 5/5
   186 | D:1      | Reached skill level 1 in Stealth
   206 | D:1      | Learned a level 2 spell: Blink
  1025 | D:2      | Reached skill level 2 in Stealth
  1025 | D:2      | Reached XP level 3. HP: 24/24 MP: 6/6
  1028 | D:2      | Learned a level 2 spell: Lesser Beckoning
  1630 | D:2      | Reached XP level 4. HP: 29/29 MP: 7/7
  1940 | D:3      | Found Vaapn's General Store.
  1998 | D:3      | Found a radiant altar of Vehumet.
  2017 | D:3      | Found a glowing silver altar of Zin.
  3011 | D:3      | Reached skill level 3 in Stealth
  3604 | D:4      | Reached XP level 5. HP: 28/35 MP: 8/8
  3792 | D:4      | Found an opulent altar of Gozag.
  4110 | D:4      | Found a burning altar of Makhleb.
  4110 | D:4      | Found an ornate altar of the Wu Jian Council.
  4379 | D:4      | Learned a level 3 spell: Teleport Other
  4530 | D:4      | Reached skill level 4 in Stealth
  4530 | D:4      | Reached XP level 6. HP: 21/41 MP: 8/10
  4622 | D:4      | Noticed Natasha
  4636 | D:4      | Killed Natasha
  4747 | D:4      | Found an iron altar of Okawaru.
  4793 | D:4      | Found a shimmering altar of Xom.
  4856 | D:4      | Noticed Natasha
  4862 | D:4      | Killed Natasha
  4924 | D:4      | Identified the amulet "Rezago Osera" {Faith Rampage rF-
                  | Will+ Str+3}
  5054 | D:5      | Entered Level 5 of the Dungeon
  5102 | D:5      | Found a staircase to the Ecumenical Temple.
  5112 | Temple   | Entered the Ecumenical Temple
  5283 | D:4      | Noticed Natasha
  5308 | D:4      | Killed Natasha
  5503 | D:5      | Found a shimmering blue altar of Sif Muna.
  5506 | D:5      | Noticed an orc warrior
  5631 | D:5      | Reached XP level 7. HP: 40/46 MP: 11/11
  5710 | D:5      | Found a runed translucent gate.
  5756 | D:5      | Found a runed translucent gate.
  5756 | D:5      | Found an opulent altar of Gozag.
  5793 | D:5      | Reached skill level 5 in Stealth
  5859 | D:5      | Found a runed translucent gate.
  5860 | D:5      | Noticed epsilonplus's ghost (novice AtFi)
  5861 | D:5      | Noticed a komodo dragon
  5925 | D:5      | Found a bloodstained altar of Trog.
  5963 | D:5      | Got Sif Muna's Information on the Displaced Oath
  6222 | D:6      | Noticed Sigmund
  6228 | D:6      | Killed Sigmund
  6229 | D:6      | Reached skill level 6 in Stealth
  6283 | D:5      | Reached XP level 8. HP: 49/52 MP: 10/13
  6421 | D:6      | Slain by an ice beast

Illustrated notes

Levels and vault maps discovered:
D:1:      doesnt_arrival_eight_statues, layout_basic,
          ebering_ecumenical_altar_box, minmay_misc_feat_four_crosses
D:2:      layout_basic, nicolae_titane
D:3:      layout_basic, mainiacjoe_overflow_24_doors,
          mainiacjoe_overflow_catwalk, serial_shops, shop
D:4:      kennysheep_the_goblin_king, layout_gridville,
          grunt_temple_overflow_open, xom_teletrap_fun,
          overflow_temple_1_default, uniq_natasha
D:5:      layout_cave_pools, nzn_overflow_gifts_of_might_and_magic,
          minmay_temple_entry_large_hall, ebering_ghost_gozag
D:6:      layout_loops_ring, kennysheep_mini_moat, nemelex_spade_bored_becter,
          uniq_sigmund
Temple:   hellmonk_temple_beads

Skill      XL: |  1  2  3  4  5  6  7 |
---------------+----------------------+-----
Stealth        | 2 3 4 6 |  6.3
Throwing       | 2 3 |  3.1
Dodging        | 3 |  3.9
Unarmed Combat | 3 |  3.7
Fighting       | 3 |  3.5
Spellcasting   | 3 |  3.4
Translocations | 4 |  4.2

Action                     |  1- 3 |  4- 6 |  7- 9 || total
---------------------------+-------+-------+-------++-------
  Melee: Unarmed           |    74 |   181 |    57 ||   312
         Constrict         |    19 |    56 |    10 ||    85
         Tentacles         |    19 |    46 |    18 ||    83
         Punch             |     1 |     7 |     7 ||    15
  Throw: Stone             |       |    16 |    10 ||    26
         Dart              |       |     4 |    20 ||    24
   Cast: Lesser Beckoning  |       |     2 |     1 ||     3
         Teleport Other    |       |     5 |       ||     5
         Blink             |       |     2 |     1 ||     3
  Evoke: Wand              |       |       |     4 ||     4
    Use: Scroll            |     4 |     3 |       ||     7
   Stab: Sleeping          |    13 |     7 |     1 ||    21
         Distracted        |       |     2 |       ||     2
 Armour: Skin              |     9 |     6 |     4 ||    19
  Dodge: Dodged            |    47 |    83 |    24 ||   154

Table legend: (Time is in decaauts)
 A = Elapsed time spent in this place.
 B = Non-inter-level travel time spent in this place.
 C = Inter-level travel time spent in this place.
 D = Time resting spent in this place.
 E = Time spent auto-exploring this place.
 F = Levels seen in this place.
 G = Mean time per level.
                   A        B        C        D        E       F      G
               +--------+--------+--------+--------+--------+-----+--------+
         Total |   6410 |   6040 |    370 |      4 |   4625 |   7 |  915.7 |
       Dungeon |   6302 |   5943 |    359 |      4 |   4541 |   6 | 1050.3 |
        Temple |    107 |     96 |     11 |      0 |     84 |   1 |  107.0 |
               +--------+--------+--------+--------+--------+-----+--------+

Top non-repeatable levels by time:
     D:4: 2049 daAuts
     D:3: 1205 daAuts
     D:1: 1058 daAuts
     D:2: 976 daAuts
     D:5: 848 daAuts
     D:6: 162 daAuts
  Temple: 107 daAuts
